AoeStats
← Big Rizzo

Arena

507382601Analyzed
1v1 RM · 16d ago on Sep 18, 2026· 48m 50s· 2 players
Game mode
Random Map
Map size
Tiny (2 player)
Population
200
Speed
Normal
Resources
Standard
Victory
Conquest
Starting age
Dark Age
Ending age
Imperial Age
RankedLock teamsTeams togetherTeam positionsShared explorationLock speedFull tech treeHidden civsTurbo modeCheats
Victory
Defeat
🇵🇪 Turks · Peru
206
+10
🇺🇸 Aztecs · United States
81
-10
Big Rizzo
5:02 Loom
13:31 Feudal Age
13:46 Man-at-Arms
15:22 Town Watch
16:29 Double-Bit Axe
18:53 Wheelbarrow
19:04 Arson
21:26 Scale Mail Armor
21:47 Fletching
22:09 Forging
22:00 Horse Collar
22:59 Gold Mining
23:04 Stone Mining
27:11 Castle Age
25:58 Padded Archer Armor
27:18 Crossbowman
27:20 Long Swordsman
27:46 Gambesons
27:22 Eagle Warrior
28:03 Pikeman
29:46 Hand Cart
31:52 Squires
31:24 Elite Skirmisher
35:07 Town Patrol
37:50 Imperial Age
35:49 Bodkin Arrow
36:54 Stone Shaft Mining
36:48 Bow Saw
36:47 Heavy Plow
40:35 Two-Handed Swordsman
42:04 Onager
42:06 Capped Ram
44:45 Arbalester
46:39 Champion
47:58 Elite Eagle Warrior
Isrordz17
0:55 Loom
13:11 Feudal Age
14:00 Double-Bit Axe
20:29 Wheelbarrow
22:09 Castle Age
22:27 Fletching
22:41 Padded Archer Armor
24:03 Crossbowman
28:20 Gold Mining
33:59 Murder Holes
34:16 Fortified Wall
34:30 Ballistics
36:29 Bodkin Arrow
36:50 Leather Archer Armor
37:20 Bow Saw
45:06 Imperial Age
48:37 Guard Tower
Connection lost

Rejoining the realm…

Still unreachable

The connection could not be restored.

Session expired

The server has moved on; the page needs a fresh start.